AoeStats
← AgusCasla97

Arena

509786746Analyzed
1v1 RM · 5d ago on Sep 28, 2026· 41m 30s· 2 players
Game mode
Random Map
Map size
Tiny (2 player)
Population
200
Speed
Normal
Resources
Standard
Victory
Conquest
Starting age
Dark Age
Ending age
Imperial Age
RankedLock teamsTeams togetherTeam positionsShared explorationLock speedFull tech treeHidden civsTurbo modeCheats
Victory
Defeat
🇺🇸 Teutons · United States
796
+15
🇺🇸 Italians · United States
770
-15
Conchy_joe
8:29 Loom
10:46 Feudal Age
16:47 Castle Age
15:54 Horse Collar
16:05 Double-Bit Axe
20:10 Wheelbarrow
20:03 Bow Saw
23:21 Heavy Plow
23:30 Gold Mining
29:13 Imperial Age
27:42 Masonry
28:53 Hand Cart
29:17 Fortified Wall
29:16 Squires
29:22 Scale Mail Armor
30:57 Chemistry
31:07 Conscription
30:55 Town Watch
35:23 Fletching
AgusCasla97
3:39 Loom
10:44 Feudal Age
14:19 Castle Age
15:21 Double-Bit Axe
15:32 Horse Collar
21:32 Wheelbarrow
23:10 Stone Mining
24:55 Bow Saw
25:55 Heavy Plow
25:50 Gold Mining
27:17 Hand Cart
27:57 Bloodlines
28:59 Town Watch
31:05 Town Patrol
31:45 Scale Barding Armor
31:51 Forging
31:36 Fletching
33:44 Chain Barding Armor
34:00 Iron Casting
38:17 Imperial Age
37:56 Bodkin Arrow
38:32 Cavalier
40:06 Plate Barding Armor
40:32 Blast Furnace
40:46 Paladin
Connection lost

Rejoining the realm…

Still unreachable

The connection could not be restored.

Session expired

The server has moved on; the page needs a fresh start.